TOP OF THE 1ST |
Bowling Green Hot Rods batting - Pitching for Charleston RiverDogs : RHP Andrew Ray
|
Pitching: RHP Andrew Ray
|
|
Batting: LHB Sean Banks
|
0-0: Ground out 6-3 (Groundball, P, EV 89.4 MPH)
|
Batting: SHB Luis Verduzco
|
0-0: SINGLE (Groundball, 6MD, EV 93.8 MPH)
|
Batting: LHB Rocky Crowley
|
0-0: Called Strike 0-1: Fielders Choice at 2nd, 1-6 (Groundball, 34S, EV 72.5 MPH)
|
Batting: RHB Dermott Kennelly
|
0-0: Ball 1-0: Called Strike 1-1: Ball 2-1: Foul Ball, location: 2F 2-2: Strikes out swinging
|
Top of the 1st over - 0 runs, 1 hit, 0 errors, 1 left on base; Bowling Green 0 - Charleston 0 |
BOTTOM OF THE 1ST |
Charleston RiverDogs batting - Pitching for Bowling Green Hot Rods : RHP Ryan Van Riper
|
Pitching: RHP Ryan Van Riper
|
|
Batting: LHB Ernesto Abreu
|
0-0: Ball 1-0: SINGLE (Groundball, 4MD, EV 96.2 MPH)
|
Batting: LHB Joe Vida
|
0-0: Ball 1-0: SINGLE (Line Drive, 3D, EV 106.2 MPH) Ernesto Abreu to second
|
Batting: LHB Jeremiah Walker
|
0-0: Foul Ball, location: 2F 0-1: Foul Ball, location: 2F 0-2: Grounds into double play, 3-6-3 (Groundball, 23, EV 88.1 MPH) Ernesto Abreu to third
|
Batting: RHB Iften Olujimi
|
0-0: Ball 1-0: Foul Ball, location: 2F 1-1: Swinging Strike 1-2: Ball 2-2: Fly out, F7 (Flyball, 78S, EV 84.4 MPH)
|
Bottom of the 1st over - 0 runs, 2 hits, 0 errors, 1 left on base; Bowling Green 0 - Charleston 0 |
TOP OF THE 2ND |
Bowling Green Hot Rods batting - Pitching for Charleston RiverDogs : RHP Andrew Ray
|
Batting: RHB John Downing
|
0-0: Called Strike 0-1: Swinging Strike 0-2: Ball 1-2: Ball 2-2: Ball 3-2: SINGLE (Groundball, 5S, EV 66.2 MPH) (infield hit)
|
Batting: RHB Tim Dower
|
0-0: Called Strike 0-1: Grounds into double play, 6-4-3 (Groundball, 6, EV 82.5 MPH)
|
Batting: LHB Angel Ruvalcaba
|
0-0: Ball 1-0: Called Strike 1-1: SINGLE (Groundball, 4S, EV 94.4 MPH)
|
Batting: RHB Dave Valdez
|
0-0: Called Strike 0-1: Swinging Strike 0-2: Ball 1-2: Ball 2-2: Fly out, F8 (Line Drive, 8RM, EV 98.1 MPH)
|
Top of the 2nd over - 0 runs, 2 hits, 0 errors, 1 left on base; Bowling Green 0 - Charleston 0 |
BOTTOM OF THE 2ND |
Charleston RiverDogs batting - Pitching for Bowling Green Hot Rods : RHP Ryan Van Riper
|
Batting: LHB Marc Durgin
|
0-0: Ball 1-0: Swinging Strike 1-1: Swinging Strike 1-2: Ball 2-2: Ball 3-2: Base on Balls
|
Batting: RHB Jeff McClellan
|
0-0: Fly out, F6 (Flyball, 6D, EV 87.5 MPH)
|
Batting: RHB Michael Patterson
|
0-0: Called Strike 0-1: Ball Passed Ball! Marc Durgin to second 1-1: Swinging Strike 1-2: Strikes out looking
|
Batting: RHB Matt Alderson
|
0-0: Foul Ball, location: 2F 0-1: Ball 1-1: Called Strike 1-2: Strikes out swinging
|
Bottom of the 2nd over - 0 runs, 0 hits, 0 errors, 1 left on base; Bowling Green 0 - Charleston 0 |
TOP OF THE 3RD |
Bowling Green Hot Rods batting - Pitching for Charleston RiverDogs : RHP Andrew Ray
|
Batting: RHB Jesus Carrillo
|
0-0: Called Strike 0-1: Fly out, F7 (Flyball, 78M, EV 88.1 MPH)
|
Batting: LHB Sean Banks
|
0-0: Ball 1-0: Swinging Strike 1-1: Swinging Strike 1-2: Strikes out looking
|
Batting: SHB Luis Verduzco
|
0-0: Swinging Strike 0-1: Ball 1-1: Fly out, F9 (Line Drive, 89M, EV 97.5 MPH)
|
Top of the 3rd over - 0 runs, 0 hits, 0 errors, 0 left on base; Bowling Green 0 - Charleston 0 |
BOTTOM OF THE 3RD |
Charleston RiverDogs batting - Pitching for Bowling Green Hot Rods : RHP Ryan Van Riper
|
Batting: RHB Louwe Starmans
|
0-0: Called Strike 0-1: Foul Ball, location: 2F 0-2: Ball 1-2: Strikes out swinging
|
Batting: LHB Ernesto Abreu
|
0-0: Fly out, F9 (Line Drive, 9LM, EV 86.9 MPH)
|
Batting: LHB Joe Vida
|
0-0: Called Strike 0-1: Swinging Strike 0-2: Ball 1-2: Ball 2-2: Ball 3-2: Foul Ball, location: 2F 3-2: Foul Ball, location: 2F 3-2: Base on Balls
|
Batting: LHB Jeremiah Walker
|
0-0: Ball 1-0: Ground out 4-3 (Groundball, 34, EV 100.6 MPH)
|
Bottom of the 3rd over - 0 runs, 0 hits, 0 errors, 1 left on base; Bowling Green 0 - Charleston 0 |
TOP OF THE 4TH |
Bowling Green Hot Rods batting - Pitching for Charleston RiverDogs : RHP Andrew Ray
|
Batting: LHB Rocky Crowley
|
0-0: Called Strike 0-1: Swinging Strike 0-2: Ball 1-2: Ball 2-2: Strikes out swinging
|
Batting: RHB Dermott Kennelly
|
0-0: Foul Ball, location: 2F 0-1: Ball 1-1: Ground out 6-3 (Groundball, 6, EV 100.6 MPH)
|
Batting: RHB John Downing
|
0-0: Fly out, F9 (Line Drive, 9LM, EV 105.6 MPH)
|
Top of the 4th over - 0 runs, 0 hits, 0 errors, 0 left on base; Bowling Green 0 - Charleston 0 |
BOTTOM OF THE 4TH |
Charleston RiverDogs batting - Pitching for Bowling Green Hot Rods : RHP Ryan Van Riper
|
Batting: RHB Iften Olujimi
|
0-0: Ball 1-0: Ground out 6-3 (Groundball, 6, EV 90.0 MPH)
|
Batting: LHB Marc Durgin
|
0-0: Foul Ball, location: 2F 0-1: Foul Ball, location: 2F 0-2: Strikes out looking
|
Batting: RHB Jeff McClellan
|
0-0: Called Strike 0-1: Ball 1-1: Ball 2-1: Ball 3-1: Called Strike 3-2: Fly out, F7 (Flyball, 7, EV 89.4 MPH)
|
Bottom of the 4th over - 0 runs, 0 hits, 0 errors, 0 left on base; Bowling Green 0 - Charleston 0 |
TOP OF THE 5TH |
Bowling Green Hot Rods batting - Pitching for Charleston RiverDogs : RHP Andrew Ray
|
Batting: RHB Tim Dower
|
0-0: Foul Ball, location: 2F 0-1: Ball 1-1: Foul Ball, location: 2F 1-2: Strikes out swinging
|
Batting: LHB Angel Ruvalcaba
|
0-0: Ball 1-0: Called Strike 1-1: Ball 2-1: Ball 3-1: Swinging Strike 3-2: Ground out 4-3 (Groundball, 4, EV 85.0 MPH)
|
Batting: RHB Dave Valdez
|
0-0: Foul Ball, location: 2F 0-1: Ball 1-1: Swinging Strike 1-2: Strikes out swinging
|
Top of the 5th over - 0 runs, 0 hits, 0 errors, 0 left on base; Bowling Green 0 - Charleston 0 |
BOTTOM OF THE 5TH |
Charleston RiverDogs batting - Pitching for Bowling Green Hot Rods : RHP Ryan Van Riper
|
Batting: RHB Michael Patterson
|
0-0: Foul Ball, location: 2F 0-1: Ball 1-1: Ball 2-1: Swinging Strike 2-2: Ball 3-2: Base on Balls
|
Batting: RHB Matt Alderson
|
0-0: Called Strike 0-1: Foul Ball, location: 2F 0-2: Foul Ball, location: 2F 0-2: Foul Ball, location: 2F 0-2: Hit by Pitch Michael Patterson to second
|
Batting: RHB Louwe Starmans
|
0-0: Called Strike 0-1: Swinging Strike 0-2: Ball 1-2: Foul Ball, location: 2F 1-2: Ball Wild Pitch! Michael Patterson to third Matt Alderson to second 2-2: Strikes out swinging
|
Batting: LHB Ernesto Abreu
|
0-0: Foul Ball, location: 2F 0-1: Ball 1-1: Foul Ball, location: 2F 1-2: Ball 2-2: Ball 3-2: Fly out, F7 (Flyball, 7S, EV 96.2 MPH)
|
Batting: LHB Joe Vida
|
0-0: Ball 1-0: Foul Ball, location: 2F 1-1: SINGLE (Line Drive, 6MD, EV 95.0 MPH) Michael Patterson scores Matt Alderson to third
|
Batting: LHB Jeremiah Walker
|
0-0: Foul Ball, location: 2F 0-1: Foul Ball, location: 2F 0-2: Ball 1-2: Ball 2-2: Strikes out swinging
|
Bottom of the 5th over - 1 run, 1 hit, 0 errors, 2 left on base; Bowling Green 0 - Charleston 1 |
TOP OF THE 6TH |
Bowling Green Hot Rods batting - Pitching for Charleston RiverDogs : RHP Andrew Ray
|
Batting: RHB Jesus Carrillo
|
0-0: DOUBLE (Flyball, 89D, EV 98.1 MPH)
|
Batting: LHB Sean Banks
|
0-0: Foul Ball, location: 2F 0-1: Fly out, F7 (Line Drive, 78D, EV 86.2 MPH)
|
Batting: SHB Luis Verduzco
|
0-0: Called Strike 0-1: Fly out, F8 (Flyball, 8LD, EV 100.6 MPH)
|
Batting: LHB Rocky Crowley
|
0-0: Called Strike 0-1: Foul Ball, location: 2F 0-2: Strikes out swinging
|
Top of the 6th over - 0 runs, 1 hit, 0 errors, 1 left on base; Bowling Green 0 - Charleston 1 |
BOTTOM OF THE 6TH |
Charleston RiverDogs batting - Pitching for Bowling Green Hot Rods : RHP Ryan Van Riper
|
Batting: RHB Iften Olujimi
|
0-0: Called Strike 0-1: Fly out, F8 (Flyball, 8LD, EV 95.6 MPH)
|
Batting: LHB Marc Durgin
|
0-0: Called Strike 0-1: Called Strike 0-2: SINGLE (Flyball, 6D, EV 85.6 MPH)
|
Batting: RHB Jeff McClellan
|
0-0: Called Strike 0-1: Swinging Strike 0-2: Strikes out swinging
|
Batting: RHB Michael Patterson
|
0-0: Ball 1-0: Swinging Strike 1-1: SINGLE (Flyball, 7LS, EV 89.4 MPH) Marc Durgin to second
|
Batting: RHB Matt Alderson
|
0-0: Foul Ball, location: 2F 0-1: Foul Ball, location: 2F 0-2: Strikes out looking
|
Bottom of the 6th over - 0 runs, 2 hits, 0 errors, 2 left on base; Bowling Green 0 - Charleston 1 |
TOP OF THE 7TH |
Bowling Green Hot Rods batting - Pitching for Charleston RiverDogs : RHP Andrew Ray
|
Now at 2B: Mike Zern
|
|
Batting: RHB Dermott Kennelly
|
0-0: Called Strike 0-1: Called Strike 0-2: Foul Ball, location: 2F 0-2: Ball 1-2: Ball 2-2: SOLO HOME RUN (Flyball, 7LD, EV 103.1 MPH), Distance : 397 ft
|
Batting: RHB John Downing
|
0-0: Ground out 4-3 (Groundball, 4, EV 99.4 MPH)
|
Batting: RHB Tim Dower
|
0-0: Foul Ball, location: 2F 0-1: Ball 1-1: SINGLE (Groundball, 34D, EV 101.2 MPH)
|
Batting: LHB Angel Ruvalcaba
|
0-0: Called Strike 0-1: Called Strike 0-2: Foul Ball, location: 2F 0-2: Fielders Choice at 2nd, 1-6 (Groundball, 34S, EV 65.6 MPH)
|
Batting: RHB Dave Valdez
|
0-0: Called Strike Angel Ruvalcaba steals 2nd base 0-1: Foul Ball, location: 2F 0-2: Ball 1-2: Ball 2-2: Fly out, F8 (Flyball, 8LXD, EV 97.5 MPH)
|
Top of the 7th over - 1 run, 2 hits, 0 errors, 1 left on base; Bowling Green 1 - Charleston 1 |
BOTTOM OF THE 7TH |
Charleston RiverDogs batting - Pitching for Bowling Green Hot Rods : RHP Ryan Van Riper
|
Pinch Hitting: SHB Tadaaki Kondo
|
0-0: Ball 1-0: Ball 2-0: Ball 3-0: Called Strike 3-1: Fly out, F8 (Flyball, 8LS, EV 97.5 MPH)
|
Pitching: LHP Jamie Houtman
|
|
Batting: LHB Ernesto Abreu
|
0-0: Ball 1-0: Foul Ball, location: 2F 1-1: Ball 2-1: Swinging Strike 2-2: Foul Ball, location: 2F 2-2: Strikes out swinging
|
Batting: LHB Joe Vida
|
0-0: Ball 1-0: Foul Ball, location: 2F 1-1: Foul Ball, location: 2F 1-2: Foul Ball, location: 2F 1-2: Ground out 4-3 (Groundball, 4D, EV 104.4 MPH)
|
Bottom of the 7th over - 0 runs, 0 hits, 0 errors, 0 left on base; Bowling Green 1 - Charleston 1 |
TOP OF THE 8TH |
Bowling Green Hot Rods batting - Pitching for Charleston RiverDogs : RHP Andrew Ray
|
Now at 3B: Gonçalo Burhil
|
|
Batting: RHB Jesus Carrillo
|
0-0: Ball 1-0: Ground out 4-3 (Groundball, 4, EV 103.1 MPH)
|
Batting: LHB Sean Banks
|
0-0: Ground out 4-3 (Groundball, 13, EV 80.6 MPH)
|
Batting: SHB Luis Verduzco
|
0-0: Ball 1-0: Foul Ball, location: 2F 1-1: Fly out, F9 (Flyball, 9D, EV 86.9 MPH)
|
Top of the 8th over - 0 runs, 0 hits, 0 errors, 0 left on base; Bowling Green 1 - Charleston 1 |
BOTTOM OF THE 8TH |
Charleston RiverDogs batting - Pitching for Bowling Green Hot Rods : LHP Jamie Houtman
|
Batting: LHB Jeremiah Walker
|
0-0: Ball 1-0: Ball 2-0: Ball 3-0: Called Strike 3-1: Called Strike 3-2: Ground out 6-3 (Groundball, 56, EV 85.0 MPH)
|
Pitching: RHP Chris Harman
|
|
Batting: RHB Iften Olujimi
|
0-0: Foul Ball, location: 2F 0-1: Foul Ball, location: 2F 0-2: Ball 1-2: Strikes out swinging
|
Batting: LHB Marc Durgin
|
0-0: Ball 1-0: Called Strike 1-1: Ball 2-1: Foul Ball, location: 2F 2-2: Ball 3-2: Base on Balls
|
Batting: RHB Jeff McClellan
|
0-0: Called Strike 0-1: Called Strike Marc Durgin steals 2nd base 0-2: Foul Ball, location: 2F 0-2: Strikes out looking
|
Bottom of the 8th over - 0 runs, 0 hits, 0 errors, 1 left on base; Bowling Green 1 - Charleston 1 |
TOP OF THE 9TH |
Bowling Green Hot Rods batting - Pitching for Charleston RiverDogs : RHP Andrew Ray
|
Batting: LHB Rocky Crowley
|
0-0: Ball 1-0: Foul Ball, location: 2F 1-1: Foul Ball, location: 2F 1-2: Fly out, F9 (Line Drive, 9S, EV 92.5 MPH)
|
Batting: RHB Dermott Kennelly
|
0-0: Ball 1-0: SINGLE (Groundball, 6MD, EV 106.9 MPH)
|
Pitching: RHP Khayyat bin Faruq
|
|
Batting: RHB John Downing
|
0-0: Fly out, F8 (Flyball, 89XD, EV 93.8 MPH)
|
Batting: RHB Tim Dower
|
0-0: Foul Ball, location: 2F 0-1: Ball 1-1: Called Strike 1-2: Strikes out swinging
|
Top of the 9th over - 0 runs, 1 hit, 0 errors, 1 left on base; Bowling Green 1 - Charleston 1 |
BOTTOM OF THE 9TH |
Charleston RiverDogs batting - Pitching for Bowling Green Hot Rods : RHP Chris Harman
|
Pitching: RHP J.P. Tesauro
|
|
Batting: RHB Mike Zern
|
0-0: Fly out, F8 (Flyball, 8RS, EV 86.9 MPH)
|
Pinch Hitting: LHB Andrew Davis
|
0-0: Ball 1-0: Called Strike 1-1: Called Strike 1-2: Ball 2-2: Strikes out swinging
|
Batting: RHB Gonçalo Burhil
|
0-0: Ball 1-0: SINGLE (Groundball, 3D, EV 93.8 MPH)
|
Batting: LHB Ernesto Abreu
|
0-0: Ball 1-0: Called Strike 1-1: Foul Ball, location: 2F 1-2: Fly out, F8 (Line Drive, 8LM, EV 88.1 MPH)
|
Bottom of the 9th over - 0 runs, 1 hit, 0 errors, 1 left on base; Bowling Green 1 - Charleston 1 |
TOP OF THE 10TH |
Bowling Green Hot Rods batting - Pitching for Charleston RiverDogs : RHP Khayyat bin Faruq
|
Now at C: Bobby White
|
|
Batting: LHB Angel Ruvalcaba
|
0-0: Ball 1-0: Called Strike 1-1: Called Strike 1-2: Strikes out looking
|
Batting: RHB Dave Valdez
|
0-0: Ball 1-0: Swinging Strike 1-1: Called Strike 1-2: Strikes out swinging
|
Batting: RHB Jesus Carrillo
|
0-0: Ball 1-0: Called Strike 1-1: Swinging Strike 1-2: Foul Ball, location: 2F 1-2: Fly out, F4 (Popup, 34, EV 54.4 MPH)
|
Top of the 10th over - 0 runs, 0 hits, 0 errors, 0 left on base; Bowling Green 1 - Charleston 1 |
BOTTOM OF THE 10TH |
Charleston RiverDogs batting - Pitching for Bowling Green Hot Rods : RHP J.P. Tesauro
|
Batting: LHB Joe Vida
|
0-0: Ball 1-0: Called Strike 1-1: Fly out, F8 (Flyball, 8LD, EV 85.6 MPH)
|
Batting: LHB Jeremiah Walker
|
0-0: Ball 1-0: Ball 2-0: Foul Ball, location: 2F 2-1: Fly out, F8 (Flyball, 8RD, EV 104.4 MPH)
|
Batting: RHB Iften Olujimi
|
0-0: Called Strike 0-1: Foul Ball, location: 2F 0-2: Ball 1-2: Foul Ball, location: 2F 1-2: Ball 2-2: Strikes out looking
|
Bottom of the 10th over - 0 runs, 0 hits, 0 errors, 0 left on base; Bowling Green 1 - Charleston 1 |
TOP OF THE 11TH |
Bowling Green Hot Rods batting - Pitching for Charleston RiverDogs : RHP Khayyat bin Faruq
|
Batting: LHB Sean Banks
|
0-0: Called Strike 0-1: Ground out 6-3 (Groundball, 4MD, EV 102.5 MPH)
|
Batting: SHB Luis Verduzco
|
0-0: Called Strike 0-1: Ball 1-1: Swinging Strike 1-2: Ball 2-2: Fly out, F7 (Line Drive, 78M, EV 104.4 MPH)
|
Batting: LHB Rocky Crowley
|
0-0: Fly out, F8 (Flyball, 8RXD, EV 103.8 MPH)
|
Top of the 11th over - 0 runs, 0 hits, 0 errors, 0 left on base; Bowling Green 1 - Charleston 1 |
BOTTOM OF THE 11TH |
Charleston RiverDogs batting - Pitching for Bowling Green Hot Rods : RHP J.P. Tesauro
|
Pitching: LHP Tim Pulliam
|
|
Pinch Hitting: RHB Francisco Vargas
|
0-0: Called Strike 0-1: Ball 1-1: Foul Ball, location: 2F 1-2: Strikes out looking
|
Batting: RHB Jeff McClellan
|
0-0: Ball 1-0: Called Strike 1-1: Called Strike 1-2: Strikes out swinging
|
Batting: RHB Mike Zern
|
0-0: Called Strike 0-1: Ball 1-1: Called Strike 1-2: Ball 2-2: Foul Ball, location: 2F 2-2: Ball 3-2: Reached on error, E6 (Groundball, 6, EV 86.2 MPH)
|
Batting: RHB Bobby White
|
0-0: Called Strike 0-1: Fielders Choice at 2nd, 5-4 (Groundball, 56, EV 85.0 MPH)
|
Bottom of the 11th over - 0 runs, 0 hits, 1 error, 1 left on base; Bowling Green 1 - Charleston 1 |
TOP OF THE 12TH |
Bowling Green Hot Rods batting - Pitching for Charleston RiverDogs : RHP Khayyat bin Faruq
|
Pitching: RHP Willie Perez
|
|
Now in CF: John Sprenkel
|
|
Batting: RHB Dermott Kennelly
|
0-0: Foul Ball, location: 2F 0-1: Ball 1-1: Ball 2-1: SINGLE (Groundball, 34D, EV 99.4 MPH)
|
Batting: RHB John Downing
|
0-0: Fly out, F4 (Line Drive, 4, EV 65.6 MPH)
|
Batting: RHB Tim Dower
|
0-0: 2-RUN HOME RUN (Flyball, 89XD, EV 111.2 MPH), Distance : 437 ft
|
Batting: LHB Angel Ruvalcaba
|
0-0: Called Strike 0-1: Ball 1-1: Swinging Strike 1-2: Ground out 2-3 (Groundball, 15S, EV 64.4 MPH)
|
Batting: RHB Dave Valdez
|
0-0: Called Strike 0-1: Ball 1-1: Called Strike 1-2: Strikes out swinging
|
Top of the 12th over - 2 runs, 2 hits, 0 errors, 0 left on base; Bowling Green 3 - Charleston 1 |
BOTTOM OF THE 12TH |
Charleston RiverDogs batting - Pitching for Bowling Green Hot Rods : LHP Tim Pulliam
|
Batting: RHB Gonçalo Burhil
|
0-0: Called Strike 0-1: Foul Ball, location: 2F 0-2: Fly out, F8 (Line Drive, 89M, EV 92.5 MPH)
|
Batting: LHB Ernesto Abreu
|
0-0: Foul Ball, location: 2F 0-1: Ball 1-1: Fly out, F7 (Line Drive, 78M, EV 105.6 MPH)
|
Batting: LHB Joe Vida
|
0-0: Ball 1-0: SINGLE (Groundball, 4M, EV 105.0 MPH) (infield hit)
|
Pitching: LHP Ryan Folks
|
|
Batting: LHB Jeremiah Walker
|
0-0: Ball 1-0: Swinging Strike 1-1: Ball 2-1: Ball 3-1: Fielders Choice at 2nd, 5-4 (Groundball, 56, EV 85.6 MPH)
|
Bottom of the 12th over - 0 runs, 1 hit, 0 errors, 1 left on base; Bowling Green 3 - Charleston 1 |
|